AoeStats
← Tim

Fortress

510469777Analyzed
1v1 RM · 15h ago on Oct 1, 2026· 64m 43s· 2 players
Game mode
Random Map
Map size
Small (3 player)
Population
200
Speed
Normal
Resources
Standard
Victory
Conquest
Starting age
Dark Age
Ending age
Imperial Age
RankedLock teamsTeams togetherTeam positionsShared explorationLock speedFull tech treeHidden civsTurbo modeCheats
Victory
Defeat
🇭🇰 Bohemians · Hong Kong SAR China
993
+18
🇺🇸 Vietnamese · United States
1027
-18
ching44
0:26 Loom
6:30 Feudal Age
7:55 Double-Bit Axe
8:17 Horse Collar
12:21 Castle Age
14:27 Town Watch
22:13 Wheelbarrow
23:57 Heavy Plow
24:10 Bow Saw
25:37 Chemistry
25:00 Ballistics
28:00 Imperial Age
26:19 Fletching
26:50 Masonry
27:55 Hand Cart
28:32 Fortified Wall
28:20 Murder Holes
29:47 Bodkin Arrow
30:33 Husbandry
30:08 Light Cavalry
32:08 Two-Man Saw
32:08 Wagenburg Tactics
32:25 Conscription
32:59 Town Patrol
32:51 Elite Hussite Wagon
35:03 Scale Barding Armor
36:21 Forging
37:26 Cavalier
39:05 Siege Engineers
39:51 Chain Barding Armor
40:07 Iron Casting
39:33 Bracer
42:02 Guilds
42:58 Blast Furnace
41:56 Houfnice
49:34 Scale Mail Armor
48:57 Pikeman
49:38 Squires
49:23 Arson
50:38 Chain Mail Armor
49:48 Halberdier
55:32 Architecture
Tim
7:23 Feudal Age
13:00 Castle Age
12:31 Double-Bit Axe
12:36 Loom
13:46 Fletching
14:42 Bow Saw
15:04 Gold Mining
20:05 Bodkin Arrow
22:20 Wheelbarrow
24:07 Hand Cart
23:39 Town Watch
28:31 Imperial Age
28:42 Imperial Age
27:03 Padded Archer Armor
28:36 Town Patrol
29:55 Ballistics
30:38 Chemistry
29:44 Siege Engineers
30:32 Bracer
32:03 Paper Money
32:46 Onager
34:46 Two-Man Saw
33:27 Horse Collar
34:04 Leather Archer Armor
34:05 Squires
33:25 Pikeman
35:20 Ring Archer Armor
35:24 Elite Rattan Archer
35:38 Halberdier
41:48 Ballistics
46:06 Light Cavalry
46:56 Bloodlines
46:47 Husbandry
49:09 Scale Barding Armor
49:15 Forging
48:33 Crossbowman
49:19 Thumb Ring
50:22 Arbalester
54:15 Scale Mail Armor
59:50 Elite Skirmisher
62:11 Chain Barding Armor
65:15 Chain Barding Armor
Connection lost

Rejoining the realm…

Still unreachable

The connection could not be restored.

Session expired

The server has moved on; the page needs a fresh start.